[Event "*** Titled Tuesday Blitz"]
[Site "Chess.com"]
[Date "2018.04.03"]
[Round "4"]
[White "schoolmeester"]
[Black "Man-Chuk"]
[Result "1-0"]
[WhiteElo "2654"]
[BlackElo "2657"]
[TimeControl "180+2"]
[EndTime "13:52:03 PDT"]
[Termination "schoolmeester won by resignation"]

1. e4 c5 2. Nf3 e6 3. d4 cxd4 4. Nxd4 Nc6 5. Nc3 Qc7 6. Ndb5 Qb8 7. Be3 a6 8. Bb6 axb5 9. Nxb5 Bb4+ 10. c3 Ba5 11. Nc7+ Qxc7 12. Bxc7 Bxc7 13. g3 Nf6 14. Bg2 O-O 15. O-O d5 16. exd5 exd5 17. Re1 Bf5 18.
Bxd5 Rad8 19. c4 Nb4 20. Qf3 Bg4 21. Qb3 Nbxd5 22. cxd5 Nxd5 23. Qxb7 Be6 24. Rac1 Ba5 25. Re5 Rb8 26. Qa6 Bd2 27. Rd1 Nb4 28. Qe2 Bh6 29.
Rxe6 fxe6 30. a3 Kh8 31. axb4 Rxb4 32. Rd6 g6 33. Rxe6 Rbb8 34. Re7 Bg7 35. f4 Rxb2 36. Qe4 Rbb8 37. Kg2 Bf6 38. Re6 Bg7 39. h4 Rbd8 40. Kh3 Kg8 41. Re7 Kh8 42. Kg4 Rg8 43. Qe6 Rdf8 44. Rf7 Re8 45. Qd5 h5+ 46. Kh3 Kh7 47.
f5 Re5 48. Qxe5 1-0

[Event "*** Titled Tuesday Blitz"]
[Site "Chess.com"]
[Date "2018.04.03"]
[Round "4"]
[White "djano"]
[Black "GMHess"]
[Result "0-1"]
[WhiteElo "2426"]
[BlackElo "2512"]
[TimeControl "180+2"]
[EndTime "13:52:07 PDT"]
[Termination "GMHess won on time"]

1. d4 g6 2. e4 d6 3. Nc3 c6 4.
Bg5 b5 5. Qd2 h6 6. Bh4 Bg7 7. f4 Nf6 8. e5 dxe5 9. fxe5 Nd5 10.
Nf3 g5 11. Bg3 Nxc3 12. bxc3 Be6 13. Bd3 Bd5 14. O-O Nd7 15. a4 a6 16. Kh1 Nb6 17. axb5 cxb5 18. Rxa6 Nc4 19. Rxa8 Qxa8 20. Qf2 O-O 21. Ne1 f5 22. exf6 Rxf6 23. Qe2 Rxf1+ 24. Qxf1 Qa1 25. Qf5 e6 26. Qg6 Kf8 27. h4 gxh4 28. Bxh4 Qxc3 29. Nf3 Qa1+ 30. Kh2 Bxf3 31. gxf3 Qxd4 32.
Bg3 Be5 33. Qxh6+ Ke7 34. f4 Bf6 35. Qh7+ Kd6 36. Qg8 Kd7 37. Qa8 Nd6 38. Qg8 Qc5 39.
Qh7+ Kc6 40. Qg8 Qh5+ 41. Kg1 Qd5 42. Qa8+ Kd7 43. Qa7+ Nb7 44. Qb6 Bd4+ 0-1

[Event "*** Titled Tuesday Blitz"]
[Site "Chess.com"]
[Date "2018.04.03"]
[Round "4"]
[White "igorkovalenko"]
[Black "Zkid"]
[Result "1/2-1/2"]
[WhiteElo "2701"]
[BlackElo "2654"]
[TimeControl "180+2"]
[EndTime "13:52:09 PDT"]
[Termination "Game drawn - insufficient material"]

1. d4 d5 2. Nf3 Nf6 3. c4 dxc4 4. e3 e6 5. Bxc4 c5 6. O-O Nc6 7. Nc3 a6 8. a4 Qc7 9. Qe2 Be7 10. Rd1 O-O 11. h3 Rd8 12. d5 exd5 13. Bxd5 Nb4 14.
Bc4 Rxd1+ 15. Qxd1 Bf5 16. Qe2 Rd8 17. e4 Bg6 18. Bg5 h6 19. Bh4 Ne8 20. Bg3 Nd6 21.
Ne5 Nxc4 22. Nxg6 Nd6 23. Nxe7+ Qxe7 24. Rd1 Ne8 25. Rxd8 Qxd8 26. Qc4 Qd4 27. Qxd4 cxd4 28. Nb1 Nf6 29. f3 Nd7 30. Nd2 Nd3 31. b3 g6 32. Kf1 N7c5 33. Bd6 f5 34. exf5 gxf5 35. a5 Kf7 36. b4 Nd7 37. Ke2 Nb2 38. Nb3 d3+ 39.
Ke1 Nc4 40. Bf4 h5 41. Nd4 Kf6 42. Kd1 Nde5 43. Nb3 Nc6 44. Nc5 Nxb4 45. Nxb7 Ke6 46. g4 hxg4 47. fxg4 fxg4 48. hxg4 Nd5 49. Bd2 Nde3+ 50.
Bxe3 Nxe3+ 51. Kd2 Nxg4 52. Nc5+ Kd5 53. Nxa6 Ne5 54.
Nb4+ Kc5 55. Nxd3+ Nxd3 56. Kxd3 Kb5 57. a6 Kxa6 1/2-1/2

[Event "*** Titled Tuesday Blitz"]
[Site "Chess.com"]
[Date "2018.04.03"]
[Round "4"]
[White "Mistheoretical"]
[Black "ajkom197"]
[Result "1-0"]
[WhiteElo "2290"]
[BlackElo "2404"]
[TimeControl "180+2"]
[EndTime "13:52:12 PDT"]
[Termination "Mistheoretical won by resignation"]

1. d4 d5 2. Nc3 Nf6 3. Bg5 Nbd7 4. Nf3 e6 5. e3 Be7 6. Bd3 O-O 7. O-O h6 8. Bh4 b6 9. e4 dxe4 10. Nxe4 Bb7 11. Qe2 Nxe4 12. Bxe7 Nc3 13. Bxd8 Nxe2+ 14. Bxe2 Rfxd8 15. Rad1 Kf8 16. Ne5 Ke7 17. f4 c5 18.
Nxd7 Rxd7 19. dxc5 bxc5 20. Bb5 Rxd1 21. Rxd1 Rd8 22. Rxd8 Kxd8 23. g3 f6 24. Kf2 Ke7 25. Ke3 Kd6 26. c3 e5 27. b4 g5 28. fxg5 hxg5 29. h4 gxh4 30. gxh4 f5 31. h5 f4+ 32. Kf2 e4 33. h6 e3+ 34. Ke2 Be4 35. Bd3 Bxd3+ 36.
Kxd3 c4+ 37. Ke2 Ke5 38. h7 Ke4 39. h8=Q f3+ 40. Ke1 Kd3 41. Qd4+ Kc2 42. Qxe3 f2+ 43. Kxf2 a6 44. a4 Kb3 45. b5 a5 46. b6 Kxa4 47.
b7 Ka3 48. b8=Q a4 49. Qb4+ 1-0

[Event "*** Titled Tuesday Blitz"]
[Site "Chess.com"]
[Date "2018.04.03"]
[Round "4"]
[White "Fighterman91"]
[Black "RojonR"]
[Result "1-0"]
[WhiteElo "2563"]
[BlackElo "2388"]
[TimeControl "180+2"]
[EndTime "13:52:14 PDT"]
[Termination "Fighterman91 won by resignation"]

1. e4 c5 2. Nf3 Nc6 3. Bb5 e6 4. Bxc6 bxc6 5. Qe2 Ne7 6. d3 Ng6 7. h4 h5 8. e5 f6 9. Qe4 Kf7 10. Na3 d5 11. exd6 Qxd6 12. Nc4 Qd5 13. Bd2 Ba6 14. b3 Qxe4+ 15. dxe4 Bxc4 16. bxc4 Bd6 17. Bc3 e5 18. g3 Nf8 19. Rb1 Rb8 20. Rxb8 Bxb8 21. Ke2 Ne6 22.
Rb1 Rc8 23. Rb7+ Kf8 24. Ba5 Ke8 25. Ne1 Bd6 26. Rxa7 Rb8 27. Bc3 Be7 28. Nd3 Rb1 29. a4 Nd4+ 30. Bxd4 cxd4 31. a5 Ra1 32. a6 Ra2 33.
Kd1 Ra1+ 34. Kd2 Ra5 35. c5 Ra4 36. Kc1 g5 37. hxg5 fxg5 38. Nxe5 Bxc5 39. Ra8+ Ke7 40.
Nxc6+ Kd6 41. Nd8 Bb4 42. Nf7+ Ke7 43. Nxg5 Bc3 44. Kd1 Ra1+ 45. Ke2 Re1+ 46. Kd3 Rd1+ 47. Kc4 Rd2 48. a7 Rxc2 49. Re8+ 1-0

[Event "*** Titled Tuesday Blitz"]
[Site "Chess.com"]
[Date "2018.04.03"]
[Round "4"]
[White "Jbd735"]
[Black "PrinceMurad09"]
[Result "1-0"]
[WhiteElo "2228"]
[BlackElo "2309"]
[TimeControl "180+2"]
[EndTime "13:52:14 PDT"]
[Termination "Jbd735 won by resignation"]

1. e4 c5 2. Nf3 d6 3. d4 cxd4 4. Nxd4 Nf6 5. Nc3 g6 6. Be3 Bg7 7.
f3 Nc6 8. Qd2 O-O 9. Bc4 Bd7 10.
O-O-O Rc8 11. Bb3 Nxd4 12. Bxd4 b5 13. Nd5 Nxd5 14. Bxd5 Bxd4 15. Qxd4 a5 16. a3 Rc5 17.
h4 Qc7 18. Rd2 b4 19. h5 e6 20. hxg6 fxg6 21. Bb3 bxa3 22. Qxd6 axb2+ 23. Kxb2 Rb8 24. Qxc7 Rxc7 25. Ka3 Kg7 26. Rhd1 Rbb7 27. c4 Kf6 28. c5 a4 29. Ba2 Bc8 30. Rc1 Bd7 31. Rd6 Rc6 32.
Rxc6 Bxc6 33. Rd1 Rd7 34. Rxd7 Bxd7 35. f4 g5 36. g3 gxf4 37. gxf4 e5 38. fxe5+ Kxe5 39. Bd5 h5 40. c6 Bc8 41. Kxa4 h4 42. Bc4 h3 43. Bf1 h2 44. Bg2 Ba6 45. Ka5 Be2 46. c7 Bg4 47. Kb6 Kf4 48. Bh1 Kg3 49. e5 Bf3 50.
c8=Q Bxh1 51. Qg8+ Kf2 52. Qh7 Kg1 53. Qb1+ Kg2 54.
e6 1-0

[Event "*** Titled Tuesday Blitz"]
[Site "Chess.com"]
[Date "2018.04.03"]
[Round "4"]
[White "Marcus_Harvey"]
[Black "kjzsdu"]
[Result "0-1"]
[WhiteElo "2620"]
[BlackElo "2441"]
[TimeControl "180+2"]
[EndTime "13:52:16 PDT"]
[Termination "kjzsdu won by resignation"]

1. e4 c5 2. Nf3 d6 3. g3 Nf6 4.
Qe2 Nc6 5. Bg2 e5 6. c3 Be7 7.
O-O O-O 8. d3 Rb8 9. a3 b5 10. b4 cxb4 11. axb4 a5 12. bxa5 Nxa5 13. Nbd2 Be6 14. Ng5 Bg4 15. f3 Bd7 16. f4 Bg4 17. Ngf3 Qc7 18. Bb2 b4 19. c4 Nc6 20. Nb3 Nd7 21. h3 Bxf3 22. Bxf3 Rfe8 23. Kg2 Nc5 24. Qc2 exf4 25. gxf4 Bf8 26. d4 Nxb3 27. Qxb3 Na5 28. Rxa5 Qxa5 29. Ra1 Qc7 30. e5 dxe5 31. fxe5 Qd8 32.
Qe3 b3 33. Ra7 Re7 34. Ra3 Re6 35. c5 Rg6+ 36. Kh2 Qh4 37. Bg2 Be7 38. Qf3 Bg5 39.
Ra7 Bf4+ 40. Kh1 h5 41. c6 Rg3 42. Qf1 Re3 43. c7 Rc8 44. Ra1 Qg3 45. Kg1 Qh2+ 46.
Kf2 Qg3+ 47. Kg1 Rxc7 48. Qf2 Qh2+ 49. Kf1 Rc2 0-1

[Event "*** Titled Tuesday Blitz"]
[Site "Chess.com"]
[Date "2018.04.03"]
[Round "4"]
[White "ChesterF"]
[Black "Vincent_Vega95"]
[Result "0-1"]
[WhiteElo "2304"]
[BlackElo "2530"]
[TimeControl "180+2"]
[EndTime "13:52:16 PDT"]
[Termination "Vincent_Vega95 won by resignation"]

1. e4 c5 2. Nf3 d6 3. d4 cxd4 4. Nxd4 Nf6 5. Nc3 a6 6. Be3 e5 7.
Nb3 Be6 8. h3 Nbd7 9. g4 Nb6 10.
g5 Nfd7 11. Qd2 Rc8 12. O-O-O Nc4 13. Bxc4 Rxc4 14. f4 Rc8 15. f5 Bc4 16. h4 b5 17.
h5 a5 18. Kb1 Qc7 19. g6 b4 20. Nd5 Bxd5 21. Qxd5 Nf6 22. gxf7+ Qxf7 23. Qxa5 Qc7 24. Qxc7 Rxc7 25. Nd2 h6 26. Rhe1 Be7 27. b3 Kf7 28.
Bb6 Rc6 29. Nc4 Rhc8 30. Bf2 Nxh5 31. Kb2 Nf6 32. Bh4 Ng4 33. Bxe7 Kxe7 34. Rd5 Nf6 35. Rb5 h5 36. Rxb4 h4 37. Ne3 Rh8 38. Rb7+ Kd8 39.
Rxg7 h3 40. Rh1 Nxe4 41. c4 Rc7 42. Rg4 Nf2 43. Rgg1 h2 44. Rf1 Nxh1 45. Rxh1 Rg7 0-1

[Event "*** Titled Tuesday Blitz"]
[Site "Chess.com"]
[Date "2018.04.03"]
[Round "4"]
[White "maciek_92"]
[Black "Firouzja2003"]
[Result "0-1"]
[WhiteElo "2545"]
[BlackElo "2745"]
[TimeControl "180+2"]
[EndTime "13:52:21 PDT"]
[Termination "Firouzja2003 won by resignation"]

1. c4 Nf6 2. Nc3 g6 3. g3 Bg7 4.
Bg2 O-O 5. d4 d6 6. e3 Nc6 7.
Nge2 e5 8. O-O exd4 9. exd4 Ne7 10. h3 c6 11. g4 h5 12. f3 Re8 13. Bf4 a6 14. a4 Be6 15. b3 a5 16. Qd2 d5 17. c5 b6 18. Be5 bxc5 19. dxc5 hxg4 20.
hxg4 Ne4 21. Qd4 Bxe5 22. Qxe5 Nxc5 23. Rad1 Qb8 24. Qg5 Nd7 25. f4 Kg7 26. Nd4 Nf8 27. Qh4 Qa7 28. Rf3 Bxg4 29. Qxg4 Nf5 30. Rfd3 Nxd4 31.
Rxd4 Re1+ 32. Kh2 Ne6 33. R4d3 Rh8+ 34. Kg3 Re3+ 35. Rxe3 Qxe3+ 36. Qf3 Qc5 37. Ne2 Qd6 38. Nd4 Ng5 39. Qc3 Rh3+ 40. Bxh3 Ne4+ 41. Kf3 Nxc3 42. Rg1 Qf6 43. Nf5+ Kf8 44. Ne3 Ne4 45. Rc1 Qh4 46. Bg2 Qf2+ 0-1

[Event "*** Titled Tuesday Blitz"]
[Site "Chess.com"]
[Date "2018.04.03"]
[Round "4"]
[White "amatatanav"]
[Black "julinha97"]
[Result "1-0"]
[WhiteElo "2440"]
[BlackElo "2226"]
[TimeControl "180+2"]
[EndTime "13:52:26 PDT"]
[Termination "amatatanav won by resignation"]

1. e4 c5 2. Ne2 d6 3. d4 cxd4 4. Nxd4 Nf6 5. Nc3 g6 6. Be3 Bg7 7. f3 O-O 8. Qd2 Nc6 9. g4 Be6 10. Nxe6 fxe6 11. O-O-O Ne5 12. Be2 Qc8 13. h4 Nfd7 14. h5 Nc4 15. Bxc4 Qxc4 16. hxg6 hxg6 17. Qh2 Rxf3 18. Bg5 Kf7 19. Bxe7 Rh8 20. Qxd6 Rxh1 21. Rxh1 Rf1+ 22. Rxf1+ Qxf1+ 23. Nd1 Nb6 24. Bg5 Bf8 25. Qf4+ Qxf4+ 26. Bxf4 Bg7 27. b3 Nd7 28. g5 Nc5 29. Nf2 Bd4 30. Bg3 a6 31. e5 Nd7 32. Ng4 Bc3 33. Bf4 b5 34. Kd1 Nc5 35. Ke2 b4 36. Bd2 Ne4 37. Bxc3 Nxc3+ 38. Kd3 Nxa2 39. Kc4 Ke7 40. Kc5 Kd7 41. Nf6+ Ke7 42. Ne4 a5 43. Kb5 Nc1 44. Kxa5 Ne2 45. Kxb4 Nd4 46. c4 Nf3 47.
Kc5 Nxe5 48. b4 Kd7 49. b5 Nd3+ 50. Kb6 Nb4 51. c5 Nd5+ 52. Kb7 e5 53. c6+ Kd8 54. b6 1-0

[Event "*** Titled Tuesday Blitz"]
[Site "Chess.com"]
[Date "2018.04.03"]
[Round "4"]
[White "Keaton87"]
[Black "murmah2003"]
[Result "1/2-1/2"]
[WhiteElo "2461"]
[BlackElo "2449"]
[TimeControl "180+2"]
[EndTime "13:52:28 PDT"]
[Termination "Game drawn by agreement"]

1. d4 g6 2. e4 Bg7 3. Nf3 d6 4. Nc3 Nf6 5. Be2 O-O 6. O-O c6 7. a4 a5 8. h3 Na6 9. Bf4 Nb4 10. Re1 Qc7 11. Bh2 Re8 12. e5 Nfd5 13. Nxd5 Nxd5 14. Qd2 Bf5 15. c3 Rad8 16. exd6 exd6 17. Bc4 Nb6 18.
Bb3 Be4 19. Qf4 Bd5 20. Bxd5 cxd5 21. Rxe8+ Rxe8 22. Qxd6 Qxd6 23. Bxd6 Nc4 24. Ba3 Re2 25. b3 Nxa3 26. Rxa3 Rc2 27. b4 Bf8 28. Rb3 axb4 29.
cxb4 Ra2 30. b5 Rxa4 31. Kf1 Bd6 32. Ke2 Ra2+ 33. Ke3 Kf8 34. Ne1 Ke7 35. Nd3 Kd7 36. g4 f6 37. Nc5+ Bxc5 38. dxc5 Ra4 39. Rd3 Ke6 40. Rd4 Ra3+ 41. Ke2 Rb3 42. b6 Rb5 43. Ra4 Kd7 44. Ra8 Rxc5 45. Rh8 h5 46. gxh5 gxh5 47.
Rxh5 Rb5 48. h4 Ke6 49. Rh8 Rxb6 50. h5 Rb4 51. Kf3 Kf5 52. Rd8 Ke6 53. Kg3 Rb3+ 54. f3 Rb1 55. Kg2 Rb2+ 56. Kg3 Rb1 1/2-1/2

[Event "*** Titled Tuesday Blitz"]
[Site "Chess.com"]
[Date "2018.04.03"]
[Round "4"]
[White "Gattass"]
[Black "Aariow"]
[Result "0-1"]
[WhiteElo "2202"]
[BlackElo "2338"]
[TimeControl "180+2"]
[EndTime "13:52:31 PDT"]
[Termination "Aariow won by resignation"]

1. e4 e5 2. Nf3 Nf6 3. d4 Nxe4 4. Nxe5 d6 5. Nf3 d5 6. Bd3 Bd6 7. Nbd2 Bf5 8. Qe2 O-O 9. O-O Re8 10. Re1 Nc6 11. c3 Nxd2 12. Qxd2 Qf6 13. Bxf5 Qxf5 14.
Qd1 Re4 15. Be3 Rae8 16. Nd2 R4e6 17. Nf1 Ne7 18. Bd2 Ng6 19. Ng3 Bxg3 20. hxg3 Rxe1+ 21. Bxe1 h5 22. Qf3 Qxf3 23. gxf3 Re2 24. b3 h4 25. a4 hxg3 26. fxg3 Ne7 27. Rc1 Nf5 28. Bf2 Rb2 29. c4 dxc4 30. Rxc4 c6 31. Rb4 Nd6 32. d5 cxd5 33. Bxa7 Nf5 34. Bf2 d4 35. g4 Rb1+ 36.
Kg2 d3 37. Rxb7 d2 38. Rb8+ Kh7 39. Rd8 d1=Q 40. Rxd1 Rxd1 41. gxf5 Rb1 42. a5 Rxb3 43.
a6 Ra3 44. a7 Kh6 45. Bc5 Ra2+ 46. Kg3 Kg5 47. Bd4 Kxf5 48. Bxg7 Rxa7 49. Bh6 Ra6 50.
Be3 Ra2 51. Bc5 f6 52. Be3 Re2 53.
Bh6 Re8 54. Be3 Rxe3 0-1

[Event "*** Titled Tuesday Blitz"]
[Site "Chess.com"]
[Date "2018.04.03"]
[Round "4"]
[White "SanQui14"]
[Black "335394862"]
[Result "0-1"]
[WhiteElo "2210"]
[BlackElo "2306"]
[TimeControl "180+2"]
[EndTime "13:52:34 PDT"]
[Termination "335394862 won by resignation"]

1. e4 c5 2. Nf3 Nc6 3. Bb5 g6 4. c3 Bg7 5. d4 cxd4 6. cxd4 d5 7. exd5 Qxd5 8. Nc3 Qe6+ 9. Be3 Nf6 10. d5 Nxd5 11. Nxd5 Qd6 12. Nc3 Qb4 13. Bxc6+ bxc6 14. O-O Qxb2 15. Na4 Qxa1 16. Qxa1 Bxa1 17. Rxa1 Be6 18.
Nc5 Bd5 19. Bh6 f6 20. Re1 Kf7 21. a4 g5 22. h4 Kg6 23. hxg5 fxg5 24. Bxg5 Bxf3 25.
gxf3 Kxg5 26. Rxe7 h5 27. Kg2 h4 28. Kh3 Kf4 29. Nd3+ Kf5 30. Rc7 Rac8 31. Rxa7 Ke6 32.
Rg7 c5 33. Rg1 c4 34. Nf4+ Kf5 35. Nd5 Ke5 36. Ne3 c3 37. a5 Kf4 38. Rc1 Kxf3 39. Rc2 Rc5 40. a6 Ke4 41. a7 Kd3 42.
Ra2 Ra8 43. Nc2 Kc4 44. Ra3 Kd3 45. Nb4+ Kd2 46. Na6 Rc4 47. Nb8 c2 48. Nd7 c1=Q 49.
Ra2+ Ke1 50. Nb6 Rc3+ 51. Kxh4 Rh8+ 52. Kg4 Qd1+ 53. f3 Qxf3+ 54. Kg5 Rh5+ 55. Kg6 Qf5+ 56.
Kg7 Rh7+ 0-1

[Event "*** Titled Tuesday Blitz"]
[Site "Chess.com"]
[Date "2018.04.03"]
[Round "4"]
[White "pulvettd"]
[Black "chegueps"]
[Result "1-0"]
[WhiteElo "2433"]
[BlackElo "2263"]
[TimeControl "180+2"]
[EndTime "13:52:39 PDT"]
[Termination "pulvettd won on time"]

1. d4 Nf6 2. c4 d6 3. Nf3 g6 4.
Nc3 Bg7 5. e4 O-O 6. Be2 Na6 7.
O-O e5 8. Be3 h6 9. d5 Ng4 10.
Bd2 f5 11. Ne1 Nf6 12. f3 f4 13. Nd3 g5 14. b4 h5 15. h3 Qe8 16. a3 Qg6 17. Nf2 g4 18. fxg4 hxg4 19. hxg4 Bh6 20. Bf3 Bg5 21. Qe2 Rf7 22. Be1 Rh7 23. Nh3 Bh4 24. Bxh4 Rxh4 25. Nf2 Nxg4 26. Nxg4 Bxg4 27. Bxg4 Rxg4 28. Ra2 Kg7 29. Rf3 Rh8 30. c5 Qh5 31. Qf1 Rg3 32. Kf2 Qg4 33. Ke1 Rh2 34. cxd6 cxd6 35. Qb5 Rh1+ 36. Rf1 Re3+ 37. Kd2 Qxg2+ 38.
Ne2 Rxe2+ 39. Qxe2 Qxf1 40. Qg4+ Kh6 41. Qe6+ Kh5 42.
Qf5+ Kh4 43. Qf6+ Kg3 44. Qg5+ Kf3 45. Kc3 Qc1+ 46. Kb3 Qe3+ 47. Ka4 1-0

[Event "*** Titled Tuesday Blitz"]
[Site "Chess.com"]
[Date "2018.04.03"]
[Round "4"]
[White "Fandorine"]
[Black "jncool68"]
[Result "0-1"]
[WhiteElo "2714"]
[BlackElo "2533"]
[TimeControl "180+2"]
[EndTime "13:52:44 PDT"]
[Termination "jncool68 won by resignation"]

1. e4 c5 2. Nf3 d6 3. Nc3 Nf6 4. e5 dxe5 5. Nxe5 a6 6. g3 e6 7.
Bg2 Be7 8. O-O O-O 9. a4 Nbd7 10. Nc4 Rb8 11. d3 e5 12. Re1 Qc7 13. a5 Re8 14.
Qe2 Bf8 15. Bg5 b5 16. axb6 Nxb6 17. Bxf6 gxf6 18. Nxb6 Qxb6 19. Nd5 Qd6 20. b3 Bg7 21. Qh5 f5 22. Ne3 Qg6 23. Qxg6 hxg6 24. Nc4 e4 25.
Rad1 Bc3 26. Re3 Bd4 27. Re2 Be6 28. dxe4 Bxc4 29. bxc4 a5 30. e5 a4 31. Bc6 a3 32.
Bxe8 Rxe8 33. c3 Bxc3 34. Rd3 Bb4 35. f4 Ra8 36. Ra2 Kf8 37. Kf2 Ke7 38. Ke2 Rh8 39. h4 Ra8 40. Kd1 f6 41. exf6+ Kxf6 42. Kc2 Ra6 43.
Kb3 Kg7 44. Re2 Kh6 45. Ka2 Kh5 46. Rde3 Rd6 47. Re6 Rd4 48. Rc2 Rd3 49. g4+ fxg4 50. Re5+ Kxh4 51. Rg5 g3 52. Rxg6 Rf3 53. f5 Rxf5 54.
Rc1 Rf2+ 55. Kb3 g2 56. Rg1 Rb2+ 57. Ka4 a2 58. Rg8 Bc3 0-1

[Event "*** Titled Tuesday Blitz"]
[Site "Chess.com"]
[Date "2018.04.03"]
[Round "4"]
[White "ZapataCharlesS"]
[Black "Indianlad"]
[Result "1-0"]
[WhiteElo "2673"]
[BlackElo "2761"]
[TimeControl "180+2"]
[EndTime "13:52:47 PDT"]
[Termination "ZapataCharlesS won by resignation"]

1. e4 c6 2. d4 d5 3. Nc3 dxe4 4. Nxe4 Nf6 5. Nxf6+ exf6 6. Nf3 Bd6 7. Bd3 O-O 8. O-O Bg4 9. h3 Bh5 10. c3 Nd7 11. Re1 Nb6 12. Bd2 Bc7 13. Bf1 Qd5 14.
g4 Bg6 15. Bg2 Qd7 16. Nh4 Nd5 17. Nxg6 hxg6 18. Qf3 g5 19. a3 Bf4 20. Be3 Rae8 21.
Rad1 Re7 22. c4 Nxe3 23. fxe3 Bc7 24. c5 Rfe8 25. e4 Bf4 26. b4 g6 27. h4 Kg7 28.
Re2 Rh8 29. h5 Ree8 30. d5 cxd5 31. Rxd5 Qa4 32. hxg6 fxg6 33. Qd3 Re7 34. Kf1 a5 35. b5 Be5 36. Rc2 Rh4 37. c6 bxc6 38. bxc6 Rc7 39. Rc4 Qxc6 40. Rxc6 Rxc6 41. Rxe5 Rc1+ 42. Kf2 fxe5 43.
Qd7+ Kh6 44. Qe8 Rc2+ 45. Kg3 Rc3+ 46. Bf3 Rc7 47. Qh8+ Rh7 48. Qxe5 a4 49. Qf6 Rf7 50. Qh8+ Rh7 51. Qf8+ Rg7 52. e5 Kh7 53. e6 Rg8 54. e7 Rxf8 55. exf8=Q Rh3+ 56. Kf2 Rh2+ 57. Ke3 Re2+ 58.
Kd4 Re4+ 59. Kc5 Re5+ 60. Kb6 Re6+ 61. Ka5 Ra6+ 62. Kb4 Rb6+ 63. Kxa4 Ra6+ 64. Kb3 Rb6+ 65. Qb4 1-0

[Event "*** Titled Tuesday Blitz"]
[Site "Chess.com"]
[Date "2018.04.03"]
[Round "4"]
[White "ShimanovAlex"]
[Black "Koksik_13"]
[Result "1-0"]
[WhiteElo "2710"]
[BlackElo "2471"]
[TimeControl "180+2"]
[EndTime "13:52:54 PDT"]
[Termination "ShimanovAlex won on time"]

1. d4 e6 2. c4 d5 3. Nf3 a6 4. cxd5 exd5 5. Nc3 c6 6. Qb3 Nf6 7. Bf4 Be7 8. e3 O-O 9. Bd3 Nbd7 10. Rd1 Re8 11.
O-O Nf8 12. h3 Ng6 13. Bh2 Bd6 14. Bxd6 Qxd6 15. Bxg6 hxg6 16. Ne5 c5 17. Qa3 Qf8 18. Na4 Ne4 19. Nb6 Ra7 20. Nbd7 Bxd7 21. Nxd7 Qe7 22.
Nxc5 b6 23. Nxe4 Qxe4 24. Rc1 f5 25. Qd6 f4 26. exf4 Qxd4 27. Qxg6 Rae7 28. Qg5 Qe4 29. Rfd1 Rd7 30. f5 Qe5 31. Rc2 d4 32. Rcd2 Red8 33.
Rd3 Rd5 34. Qg4 Qf6 35. Qg6 Qe5 36. Qxb6 R8d6 37. Qb3 Kh7 38. Rf3 Qe4 39. Qd3 Qxd3 40. Rfxd3 Kh6 41. g4 Kg5 42. Kg2 Kf4 43. Rf3+ Kg5 44.
Kg3 d3 45. Rd2 Rd4 46. Re3 a5 47. f4+ Kf6 48. Kf3 a4 49. a3 Kf7 50. h4 R4d5 51.
Re4 Rc6 52. Ke3 Rc1 53. Rxd3 Re1+ 54. Kd2 Rxe4 55. Rxd5 Rxf4 56. g5 Rxh4 57. Rd7+ Kf8 58. Kc3 Rf4 59. Rd5 Rf3+ 60. Kb4 Rb3+ 61. Kxa4 Rxb2 62.
g6 Rb7 63. Re5 1-0

[Event "*** Titled Tuesday Blitz"]
[Site "Chess.com"]
[Date "2018.04.03"]
[Round "4"]
[White "TheLancer"]
[Black "GM_dmitrij"]
[Result "0-1"]
[WhiteElo "2440"]
[BlackElo "2692"]
[TimeControl "180+2"]
[EndTime "13:52:54 PDT"]
[Termination "GM_dmitrij won by resignation"]

1. e4 e5 2. Nf3 Nc6 3. Bb5 a6 4. Ba4 g6 5. O-O Bg7 6. c3 Nge7 7. d4 exd4 8. cxd4 b5 9. Bb3 d6 10. Nc3 O-O 11. h3 Na5 12. Bc2 c5 13. d5 Nc4 14.
Qe2 Bd7 15. a4 Re8 16. Bd3 Nb6 17. axb5 c4 18. Bc2 axb5 19. Bg5 h6 20. Be3 b4 21. Rxa8 Nxa8 22. Nd1 Bb5 23. Re1 Nc7 24. Qd2 b3 25. Bb1 Kh7 26. Nc3 Qd7 27. Rd1 Ba6 28. e5 Nf5 29. e6 fxe6 30. dxe6 Qxe6 31. Bb6 Nb5 32. Re1 Qd7 33. Rxe8 Qxe8 34. Bxf5 gxf5 35. Nxb5 Qxb5 36. Bd4 Qd7 37. Bxg7 Qxg7 38. Nd4 Bb7 39. f3 Qe5 40. Kf2 d5 41. Ne2 Bc8 42. Qa5 Be6 43. Qa7+ Kg6 44. Nd4 Qf6 45. Qb6 Bf7 46. Qc5 f4 47. Kf1 Qe5 48. Ne2 Qxb2 49. Qd6+ Qf6 50. Nxf4+ Kg7 51. Qc7 b2 52. Nh5+ Kg6 53. Nxf6 b1=Q+ 54. Kf2 Qb2+ 55. Kg3 Qxf6 56. f4 c3 57. h4 h5 58. Qc8 Kh7 59. Qc5 d4 60. Qc6 Qxc6 0-1

[Event "*** Titled Tuesday Blitz"]
[Site "Chess.com"]
[Date "2018.04.03"]
[Round "4"]
[White "gemarin"]
[Black "blitzcopter"]
[Result "0-1"]
[WhiteElo "1878"]
[BlackElo "2148"]
[TimeControl "180+2"]
[EndTime "13:52:54 PDT"]
[Termination "blitzcopter won on time"]

1. d4 Nf6 2. c4 e6 3. Nf3 Bb4+ 4. Bd2 Qe7 5. g3 Nc6 6. Bg2 Bxd2+ 7. Qxd2 Ne4 8. Qc2 Qb4+ 9. Kf1 d5 10. cxd5 exd5 11. e3 Bf5 12. Qc1 Qe7 13. a3 a5 14. h3 O-O 15.
Nh4 Bg6 16. Nd2 Rae8 17. Nxe4 Bxe4 18. Kg1 Qf6 19. Qd2 g5 20. Bxe4 dxe4 21. Ng2 b6 22.
Rc1 Rd8 23. h4 h6 24. Qe2 Kg7 25. Qg4 Qg6 26. hxg5 hxg5 27. Rh5 f5 28. Qh3 Rd6 29. d5 Rxd5 30. Rxc6 Qxc6 31. Rh7+ Kg8 32. Rh8+ Kf7 33. Qh7+ Ke8 34. Qh5+ Ke7 35. Qxg5+ Qf6 36. Rh7+ Rf7 37.
Qh5 Rxh7 38. Qxh7+ Qf7 39. Qh4+ Kd7 40. Nf4 Rd1+ 41. Kg2 Qc4 42. Qh7+ Kc6 43. Qg6+ Kb7 44. g4 Qf1+ 45. Kg3 Qg1+ 46. Kh4 Qh2+ 47. Kg5 fxg4 48. Qxe4+ Ka7 49. Qe5 Qh7 0-1

[Event "*** Titled Tuesday Blitz"]
[Site "Chess.com"]
[Date "2018.04.03"]
[Round "4"]
[White "eldur16"]
[Black "BartoszSocko"]
[Result "1-0"]
[WhiteElo "2532"]
[BlackElo "2560"]
[TimeControl "180+2"]
[EndTime "13:52:59 PDT"]
[Termination "eldur16 won by resignation"]

1. e4 e6 2. d4 d5 3. Nc3 Bb4 4.
e5 c5 5. a3 Bxc3+ 6. bxc3 Ne7 7. Nf3 Bd7 8. Bd3 Ba4 9. O-O Qc7 10. Rb1 Nd7 11. Ng5 h6 12. Qh5 g6 13. Qh3 c4 14.
Be2 Bxc2 15. Rb2 Bf5 16. g4 Bd3 17. Bf4 Nb6 18. Rc1 Na4 19. Rb4 Bxe2 20. Rxa4 Nc6 21. Rb1 Bd3 22. Rb2 a5 23. Nf3 Na7 24. Qh4 b5 25. Qf6 Rg8 26. Bxh6 bxa4 27. Ng5 Qe7 28. Qxe7+ Kxe7 29. Rb7+ Ke8 30. Nxf7 Nc8 31. Bg5 Rg7 32. Nd6+ Kf8 33. Bh6 Ra7 34. Bxg7+ Kg8 35. Rb8 Kxg7 36. Nxc8 Rc7 37. Nd6 Rc6 38. f4 Bc2 39. Rb7+ Kg8 40. Kf2 Ra6 41. Kg3 Ra8 42. Kh4 Rf8 43. Kg5 Bd3 44. h4 Bc2 45. Rc7 Bd3 46. Nc8 Re8 47.
Ne7+ Kh8 48. Nxg6+ Bxg6 49. Kxg6 Rg8+ 50. Kh5 Rb8 51. f5 exf5 52. gxf5 Rb2 53. f6 Kg8 54. e6 Re2 55. Rc8+ Kh7 56. e7 Rg2 57. f7 Rg7 58. Rh8+ Kxh8 59. f8=Q+ 1-0

[Event "*** Titled Tuesday Blitz"]
[Site "Chess.com"]
[Date "2018.04.03"]
[Round "4"]
[White "SamCopeland"]
[Black "DrZeiss"]
[Result "0-1"]
[WhiteElo "2020"]
[BlackElo "2220"]
[TimeControl "180+2"]
[EndTime "13:52:59 PDT"]
[Termination "DrZeiss won by resignation"]

1. e4 c5 2. Nf3 Nc6 3. d4 cxd4 4. Nxd4 e5 5. Nb5 a6 6. Nd6+ Bxd6 7. Qxd6 Qf6 8. Qd2 Nge7 9. Nc3 O-O 10. Qg5 Qxg5 11. Bxg5 f6 12. Be3 f5 13. exf5 d5 14. Bc5 Bxf5 15.
O-O-O Be6 16. f3 Rac8 17. Be2 Rfd8 18. Rhe1 b5 19. Bf1 Nf5 20. a3 h5 21. Bb6 Rd7 22. Bf2 Kf7 23. Bb6 Rb7 24. Bf2 Rd7 25. Kb1 Rb8 26. Bc5 Kf6 27. Kc1 b4 28. axb4 Nxb4 29. Bxb4 Rxb4 30. Bxa6 Ra7 31. Bd3 Ra1+ 32. Kd2 Rxd1+ 33.
Nxd1 Nh4 34. Bf1 g5 35. c3 Rb6 36. Kc1 Nf5 37. Ne3 Nh4 38. Rd1 Rd6 39. Nc4 Rd7 40.
Nb6 Rd6 41. Nc4 Rd7 42. Nb6 Rd6 43. Nc4 Rd8 44. Kc2 Nf5 45. Rd2 Rb8 46. Na5 Ne3+ 47. Kc1 Nxf1 48. Rf2 Ne3 49. Nc6 Rb6 50. Re2 Rxc6 51.
Rxe3 d4 52. Rd3 Bf5 53. Rd2 dxc3 54. bxc3 Rxc3+ 55. Kd1 Ra3 56. Ke2 Rc3 57. Kf2 Rc2 58.
Rxc2 Bxc2 59. Ke3 Kf5 60. g3 h4 61. gxh4 gxh4 62. Kf2 Kf4 63. Kg2 Bd1 64. Kh3 Bxf3 65. Kxh4 e4 0-1